 Dungeon Crawl Stone Soup version 0.30-a0-859-gf88a04b62d (webtiles) character file.

Game seed: 6375288327322254699

99 holysushi the Shooter (level 4, 33/33 HPs)
             Began as a Demonspawn Hunter on Mar 7, 2023.
             Was a Follower of Jiyva.
             Quit the game on level 2 of the Dungeon.
             The game lasted 00:03:51 (2135 turns).

holysushi the Shooter (Demonspawn Hunter)           Turns: 2135, Time: 00:03:51

Health: 33/33      AC:  5    Str: 12    XL:     4   Next: 45%
Magic:  4/4        EV: 12    Int: 10    God:    Jiyva [*.....]
Gold:   4          SH:  0    Dex: 18    Spells: 3/3 levels left

rFire   . . .      SeeInvis .    a - +0 shortbow
rCold   . . .      Faith    .    (shield currently unavailable)
rNeg    . . .      Spirit   .    c - +0 leather armour
rPois   .          Reflect  .    l - +0 helmet
rElec   .          Rampage  .    (no cloak)
rCorr   .                        g - +0 pair of gloves
Will    .....                    (no boots)
Stlth   ++                       (no amulet)
HPRegen 1.05/turn                (no ring)
MPRegen 0.34/turn                (no ring)

@: no status effects
A: spiny 1
a: Renounce Religion


You were on level 2 of the Dungeon.
You worshipped Jiyva.
Jiyva was aware of your devotion.
You visited 1 branch of the dungeon, and saw 2 of its levels.

You collected 4 gold pieces.

Inventory:

Hand Weapons
 a - a +0 shortbow (weapon)
Armour
 c - a +0 leather armour (worn)
 g - a +0 pair of gloves (worn)
 l - a +0 helmet (worn)
Jewellery
 k - an amulet of regeneration
Scrolls
 b - a scroll of immolation
 f - a scroll of fear
 i - 5 scrolls of teleportation
 j - a scroll of vulnerability {unknown}
 m - a scroll of amnesia {unknown}
Potions
 d - 2 potions of brilliance
 e - a potion of curing {unknown}
 h - 2 potions of flight {unknown}
 n - a potion of heal wounds {unknown}


   Skills:
 - Level 2.0 Fighting
 + Level 5.4 Ranged Weapons
 - Level 1.7 Dodging
 - Level 0.8 Stealth


You had 3 spell levels left.
You didn't know any spells.
Your spell library was empty.

Dungeon Overview and Level Annotations

Branches:
Dungeon (2/15) Zot: 9819

Altars:
Jiyva

Shops:
D:1 (


Innate Abilities, Weirdness & Mutations

You are partially covered in sharp spines.


Message History

You shoot an arrow.
The arrow barely misses the ball python.
A ball python is nearby!
A ball python is nearby!
A ball python is nearby!
You shoot an arrow. The arrow hits the ball python!
You kill the ball python!
No target in view!
No target in view!
n - a murky ruby potion
There is a faded altar of an unknown god here.
You open the door.
Found a leather armour.
There is an open door here.
There is an open door here.
There is an open door here.
h - 2 lumpy silvery potions (gained 1)
You see here a +0 whip.
Done exploring.
Done exploring.
Done exploring.
Search for what [? for help]? @ You see here a +0 dagger.
There is an open door here.
There is a faded altar of an unknown god here.
This altar belongs to (a) Lugonu, (b) Ashenzari or (c) Jiyva, but you can't tell which.
Press the corresponding letter to learn more about a god, or press enter to convert or escape to cancel.
Jiyva accepts your prayer! Jiyva welcomes you!
Jiyva begins accelerating your health and magic regeneration.
There is an open door here.
You start waiting.
Done waiting.
(D) Dungeon
Where to? (Enter - D:2 @ (x,y), ? - help)
Okay, then.
There is an open door here.
There is an open door here.
You see here a +0 dagger.
There is a stone staircase leading down here.
Are you sure you want to abandon this character and quit the game? (Confirm with "yes".)

#.....##.#####.....####
#......................
#....P#..........#.####
##...##.######...#.#
###PP####.######...#.#
#.######.#.........#.#
#......#.#.#####.#.#.#
######.#.#.#####.#.#.####
#.#@................
#.###.#............. #.#
#)#............. #.#
#.#....<........ #.#
#.#.............
########.###.#.............
#..........#....####.#.###.
###.####.###......##.#.# ##
#.#..........<#.##.#.# ##


There were no monsters in sight!

Vanquished Creatures
  Robin (D:2)
  2 adders (D:2)
  A worm (D:2)
  A dart slug (D:1)
  7 ball pythons (D:2)
  2 endoplasms
  A giant cockroach (D:1)
  16 goblins
  6 hobgoblins
  8 jackals (D:1)
  3 kobolds
  A quokka (D:1)
  3 bats
  3 frilled lizards (D:1)
  2 rats
57 creatures vanquished.

Vanquished Creatures (others)
  A plant (D:2)
1 creature vanquished.

Grand Total: 58 creatures vanquished

Notes
Turn   | Place    | Note
-------+----------+-------------------------------------------
     0 | D:1      | holysushi the Demonspawn Hunter began the quest for the
                  | Orb.
     0 | D:1      | Reached XP level 1. HP: 16/16 MP: 1/1
   124 | D:1      | Reached skill level 4 in Ranged Weapons
   313 | D:1      | Gained mutation: You are partially covered in sharp spines.
                  | [demonic ancestry]
   313 | D:1      | Reached XP level 2. HP: 22/22 MP: 2/2
   362 | D:1      | Found Zaireduz's Antique Weapon Shoppe.
   498 | D:1      | Reached XP level 3. HP: 27/27 MP: 3/3
   790 | D:2      | Noticed Robin
   809 | D:2      | Killed Robin
   826 | D:2      | Reached skill level 5 in Ranged Weapons
  1191 | D:2      | Reached XP level 4. HP: 33/33 MP: 4/4
  1700 | D:2      | Found a faded altar of an unknown god.
  1953 | D:2      | Prayed at the altar of an unknown god.
  1953 | D:2      | Became a worshipper of Jiyva Jehy the Shapeless
  1953 | D:2      | Reached * piety under Jiyva
  2135 | D:2      | Quit the game

Illustrated notes

Levels and vault maps discovered:
D:1:      lightli_arrival_chessboard, layout_rooms, serial_shops,
          nicolae_shop_waterfront, serial_rivers,
          chequers_serial_rivers_micro_a, chequers_serial_rivers_micro_a,
          chequers_serial_rivers_marsh, chequers_serial_rivers_small_a,
          chequers_serial_rivers_room_a, chequers_serial_rivers_micro_b,
          grunt_decor_clamped, nicolae_concentric_dashed_squares_mild
D:2:      layout_basic, shapermc_ecumenical_altar_notcrosses, eino_tiny_chamber,
          minmay_shallow_snake_nest, uniq_robin

Skill      XL: |  1  2  3 |
---------------+----------+-----
Ranged Weapons | 4 5 |  5.4
Fighting       | |  2.0
Dodging        | |  1.7
Stealth        | |  0.8

Action                     |  1- 3 |  4- 6 || total
---------------------------+-------+-------++-------
   Fire: Shortbow          |   101 |    22 ||   123
    Use: Scroll            |     4 |       ||     4
 Armour: Leather armour    |    15 |     1 ||    16
  Dodge: Dodged            |    22 |       ||    22

Table legend: (Time is in decaauts)
 A = Elapsed time spent in this place.
 B = Non-inter-level travel time spent in this place.
 C = Inter-level travel time spent in this place.
 D = Time resting spent in this place.
 E = Time spent auto-exploring this place.
 F = Levels seen in this place.
 G = Mean time per level.
                   A        B        C        D        E       F      G
               +--------+--------+--------+--------+--------+-----+--------+
         Total |   2180 |   2011 |    169 |    180 |   1482 |   2 | 1090.0 |
       Dungeon |   2180 |   2011 |    169 |    180 |   1482 |   2 | 1090.0 |
               +--------+--------+--------+--------+--------+-----+--------+

Top non-repeatable levels by time:
     D:2: 1319 daAuts
     D:1: 860 daAuts
